 Dungeon Crawl Stone Soup version 0.18.1-5-g4a78601 (webtiles) character file.

99 Wooh the Sneak (level 4, -6/18 HPs)
             Began as a Felid Enchanter on May 14, 2016.
             Killed by nerve-wracking pain
             ... invoked by an orc priest
              (11 damage)
             ... on level 4 of the Dungeon.
             The game lasted 00:08:49 (2992 turns).

Wooh the Sneak (Felid Enchanter)                    Turns: 2992, Time: 00:08:50

Health: -6/18      AC:  1    Str:  4    XL:     4   Next: 45%
Magic:  8/8        EV: 18    Int: 17    God:
Gold:   210        SH:  0    Dex: 17    Spells: 3 memorised, 1 level left
                                        Lives:  0   Deaths: 1

rFire  . . .     SeeInvis +       - Unarmed
rCold  . . .     Gourm    .     (armour unavailable)
rNeg   . . .     Faith    .     (shield unavailable)
rPois  .         Spirit   .     (helmet unavailable)
rElec  .         Dismiss  .     (cloak unavailable)
rCorr  .         Reflect  .     (gloves unavailable)
SustAt .         Harm     .     (boots unavailable)
MR     .....     Rnd*Tele +     (no amulet)
Stlth  +++++.....               (no ring)
                                n - ring of teleportation (curse)

@: quick, not resistant to hostile enchantments, quite stealthy
A: no armour, no weapons or thrown items, claws 1, fangs 3, see invisible,
carnivore 3, speed 1, shaggy fur 1, slow metabolism 1, sharp paws
a: no special abilities


You were on level 4 of the Dungeon.
You were not hungry.

You visited 1 branch of the dungeon, and saw 4 of its levels.

You collected 210 gold pieces.

Inventory:

Jewellery
 n - a cursed ring of teleportation (left paw)
Scrolls
 d - a scroll of random uselessness {unknown}
 e - 2 scrolls of identify {unknown}
 f - a scroll of enchant armour {unknown}
 i - a scroll of remove curse {unknown}
 m - 2 scrolls of teleportation {unknown}
 p - a scroll of amnesia {unknown}
 r - 2 scrolls of fog {unknown}
 u - a scroll of recharging {unknown}
 v - 2 scrolls of fear {unknown}
Potions
 c - 2 potions of lignification {unknown}
 g - 2 potions of berserk rage {unknown}
 h - 3 potions of agility {unknown}
 j - 2 potions of ambrosia {unknown}
 k - 2 potions of curing {unknown}
 o - 2 potions of brilliance {unknown}
 s - a potion of heal wounds {unknown}
 t - a potion of flight {unknown}
Books
 a - a book of Maledictions

   Spells                             Type                      Level
   a - Corona                         Hexes                        1
   b - Ensorcelled Hibernation        Hexes/Ice                    2
   c - Confuse                        Hexes                        3
   d - Tukima's Dance                 Hexes                        3
   e - Dazzling Spray                 Conjuration/Hexes            3
Comestibles
 b - 2 meat rations
 l - a chunk of flesh
 q - a slice of pizza
 w - 8 fruits


   Skills:
 + Level 2.6 Dodging
 - Level 7.4 Stealth
 - Level 3.2 Unarmed Combat
 - Level 2.0 Spellcasting
 - Level 4.4 Hexes


You had one spell level left.
You knew the following spells:

 Your Spells              Type           Power        Failure   Level  Hunger
a - Corona                Hex            ###....      3%          1    #......
b - Ensorcelled Hibernat  Hex/Ice        #.....       14%         2    ###....
c - Confuse               Hex            ###.....     12%         3    ###....


Dungeon Overview and Level Annotations

Branches:
Dungeon (4/15)
 Temple: D:4-7

Altars:
Fedhas
Gozag
Makhleb


Innate Abilities, Weirdness & Mutations

You cannot wear armour.
You are incapable of wielding weapons or throwing items.
You have sharp claws.
You have razor-sharp teeth.
You have supernaturally acute eyesight.
You are carnivorous and can eat meat at any time.
You cover ground quickly.
You are covered in fur (AC +1).
You have a slow metabolism.
Your sharp claws are effective at attacking unaware monsters.


Message History

You die...
You are now level 4!
You rejoin the land of the living...
Unknown command.
You are suddenly yanked towards some nearby monsters!
Your surroundings suddenly seem different.
Found a mace and 20 poisoned needles.
Found a blossoming altar of Fedhas.
The orc priest shouts!
The orc priest mumbles some strange prayers to Beogh against you.
Beogh smites you!
Ouch! That really hurt!
* * * LOW HITPOINT WARNING * * *
The orc shouts!
The orc priest barely misses you. The orc priest completely misses you.
The orc priest barely misses you. The orc barely misses you.
The orc priest calls down the wrath of Beogh upon you.
Pain shoots through your body!
Ouch! That really hurt!
You die...

#..# #.#
#..#
#S#######
.>..
.##.†.....#
###..#
.########.#
####...###.#
#.#
...........#
#.#
#......_...#
#.#
#.....oo...#
######.#
#....8.@..(#
#......####
#..........#
#.#######..
##._.....#.#
#.# #.#
...).......#
#.# ####.#
####...#####
#.####....#
##..
#......####
#..#
######....#
#.. .#
#####.##.#
#..###.#
#.....##.#


You could see an orc priest and an orc.

Vanquished Creatures
  An orc wizard (D:4)
  An orc priest (D:4)
  A worker ant (D:4)
  3 adders (D:2)
  An ooze (D:1)
  2 worms (D:2)
  2 dart slugs (D:2)
  5 giant geckos
  3 orcs
  A ball python (D:3)
  5 bats
  3 giant cockroaches
  6 hobgoblins
  4 jackals (D:3)
  11 kobolds
  A giant newt (D:3)
  7 goblins
  6 rats
63 creatures vanquished.

Notes
Turn   | Place    | Note
--------------------------------------------------------------
     0 | D:1      | Wooh the Felid Enchanter began the quest for the Orb.
     0 | D:1      | Reached XP level 1. HP: 7/7 MP: 4/4
   150 | D:1      | Reached XP level 2. HP: 2/11 MP: 4/6
   480 | D:1      | Learned a level 2 spell: Ensorcelled Hibernation
  1020 | D:2      | Reached XP level 3. HP: 14/14 MP: 0/7
  1369 | D:2      | Learned a level 3 spell: Confuse
  1526 | D:2      | Reached skill level 5 in Stealth
  1545 | D:2      | Reached XP level 4. HP: 18/18 MP: 8/8
  2267 | D:3      | Found an opulent altar of Gozag.
  2746 | D:3      | Reached skill level 6 in Stealth
  2894 | D:4      | Found a burning altar of Makhleb.
  2895 | D:4      | Reached XP level 5. HP: 21/21 MP: 9/9
  2908 | D:4      | Reached skill level 7 in Stealth
  2956 | D:4      | Slain by an adder
  2957 | D:4      | Reached XP level 4. HP: 0/18 MP: 1/8
  2974 | D:4      | Found a blossoming altar of Fedhas.
  2992 | D:4      | Killed from afar by an orc priest

Skill      XL: |  1  2  3  4  5 |
---------------+----------------+-----
Unarmed Combat | 2 3 |  3.2
Stealth        | 5 6 7 |  7.4
Dodging        | |  2.6
Spellcasting   | |  2.0
Hexes          | |  4.4

Action                   |  1- 3 |  4- 6 || total
-------------------------+-------+-------++-------
Melee: Unarmed           |    49 |    62 ||   111
       Bite              |     2 |     3 ||     5
       Punch             |     1 |     1 ||     2
 Cast: Corona            |     3 |       ||     3
       Ensorcelled Hiber |    17 |    19 ||    36
 Stab: Sleeping          |    23 |    20 ||    43
  Eat: Chunk             |    10 |     3 ||    13
Armor: Skin              |     1 |     3 ||     4
Dodge: Dodged            |    23 |    45 ||    68
